Map: Terrasses de Prion

Players

zidar

  • Race: Zerg Zerg
  • League: Gold
  • Spawn Location: 5:00

Ielassamuraj - Winner!

  • Race: Zerg Zerg
  • League: Silver
  • Spawn Location: 11:00

VOD

Have the link to the VOD?

Description

Time

  • Played on: May 21, 2016, 9:57 a.m.
  • Length: 12:37
Show
View Real Time Build Order
Export as new Build Order

zidar Zerg 

Build Orders: Pool First 

Get SALT Encoding   

  12  0:01  Drone  
  13  0:12  Overlord  
  13  0:17  Drone  
  14  0:31  Drone x2  
  14  0:34  Drone  
  17  0:48  Spawning Pool  
  17  0:49  Drone  
  17  1:14  Hatchery  
  16  1:19  Drone x2  
  16  1:24  Extractor, Drone  
  18  1:32  Drone  
  19  1:52  Overlord  
  19  1:57  Queen  
  22  2:01  Drone  
  22  2:06  Extractor  
  22  2:08  Drone  
  22  2:15  Zergling x2  
  23  2:25  Zergling x2  
  23  2:27  Queen  
  26  2:34  Metabolic Boost  
  25  2:43  Zergling x6  
  28  3:01  Roach Warren  
  27  3:11  Zergling x16  
  33  3:44  Roach  
  33  3:46  Overlord x2  
  25  4:11  Zergling x16  
  32  4:30  Roach  
  32  4:31  Roach x4  
  42  4:37  Roach  
  36  5:04  Roach  
  36  5:05  Roach x4, Zergling x2  
  47  5:26  Drone x5  
  52  5:34  Overlord  
  52  5:35  Evolution Chamber  
  51  5:46  Zergling x2  
  52  5:55  Roach x4  
  60  5:59  Overlord  
  49  6:26  Zergling x14  
  49  6:27  Roach x3  
  48  6:37  Lair  
  48  6:44  Roach x2  
  52  7:03  Roach x4  
  60  7:14  Roach  
  53  7:39  Roach x4  
  38  8:18  Roach x8  
  38  8:19  Zergling x8  
  50  8:40  Extractor  
  49  8:43  Queen  
  49  8:44  Queen  
  49  8:46  Extractor  
  52  8:49  Roach  
  52  8:50  Roach x5  
  52  8:51  Zergling x2  
  60  9:29  Overlord x2  
  60  9:30  Overlord  
  60  9:40  Spire  
  59  9:48  Zergling x8  
  63  10:35  Hatchery  
  62  10:39  Ravager x2  
  62  10:40  Ravager  
  65  11:24  Mutalisk  
  65  11:25  Mutalisk x2  
  71  11:51  Mutalisk  
  71  11:52  Mutalisk  
  75  12:03  Mutalisk  
Show
View Real Time Build Order
Export as new Build Order

Ielassamuraj Zerg - Winner!

Build Orders: Hatch First 

Get SALT Encoding   

  12  0:04  Drone  
  13  0:16  Overlord  
  13  0:17  Drone  
  14  0:34  Drone  
  14  0:35  Drone  
  16  0:39  Drone  
  18  0:50  Drone  
  18  1:04  Hatchery  
  17  1:13  Spawning Pool  
  17  1:16  Extractor, Drone  
  16  1:18  Drone  
  17  1:27  Drone  
  18  1:33  Drone  
  19  1:46  Overlord  
  19  1:56  Drone  
  20  2:01  Queen  
  20  2:05  Zergling x2  
  23  2:18  Queen  
  25  2:26  Metabolic Boost  
  25  2:28  Zergling x2  
  25  2:29  Zergling x2  
  27  2:33  Overlord  
  27  2:53  Overlord x2  
  25  3:16  Zergling x10  
  25  3:17  Zergling x6  
  33  3:38  Overlord x2, Zergling x2  
  33  3:39  Zergling x4  
  36  3:49  Evolution Chamber  
  36  3:50  Zergling x4  
  37  3:57  Zergling x4  
  30  4:10  Zergling x12  
  30  4:11  Zergling x4  
  38  4:17  Zerg Melee Weapons Level 1  
  38  4:23  Zergling x4  
  40  4:31  Overlord  
  40  4:32  Zergling x2  
  40  4:55  Zergling x12  
  40  4:56  Zergling x4  
  38  5:13  Roach Warren, Drone  
  38  5:14  Drone x3  
  38  5:17  Lair  
  38  5:21  Extractor  
  40  5:54  Roach x3  
  40  5:55  Roach x5, Spine Crawler  
  40  5:56  Roach x2  
  59  6:02  Spine Crawler  
  54  6:25  Roach x4  
  59  6:29  Drone x4  
  59  7:01  Drone x2  
  59  7:02  Drone x4  
  65  7:12  Ravager  
  65  7:13  Ravager x4  
  69  7:27  Queen  
  71  7:37  Hatchery  
  50  8:18  Roach x5  
  50  8:19  Roach x5  
  65  8:20  Roach x2  
  61  8:39  Overlord x2  
  61  8:49  Drone  
  61  8:50  Drone  
  61  8:52  Infestation Pit  
  62  8:55  Extractor  
  62  8:58  Extractor  
  62  8:59  Zerg Ground Armor Level 1  
  58  9:39  Drone  
  58  9:40  Drone x12  
  58  9:44  Pathogen Glands  
  71  10:09  Roach, Infestor  
  71  10:10  Infestor  
  77  10:14  Extractor  
  77  10:19  Evolution Chamber  
  75  10:23  Extractor  
  74  10:29  Infestor  
  74  10:30  Roach x3  
  82  11:20  Roach x5  
  82  11:21  Roach x6  
  82  11:22  Roach  
  106  12:08  Overlord x2  
  99  12:22  Ravager  
  90  12:23  Ravager x5  
Tags
 
Add a new tag
Caveats
  • Supply blocks, unpowered buildings, or Contaminate may cause inaccurate times.
  • Supply counts are checked every 10 seconds.